 Dungeon Crawl Stone Soup version 0.24-a0-504-gcfb02b9d07 (webtiles) character file.

Game seed: 3347684475211737142

21417 KristoblXynda the Carver (level 12, -20/97 HPs)
             Began as a Pale Draconian Fighter on July 16, 2019.
             Was an Initiate of Gozag.
             Killed from afar by Jorgrun (27 damage)
             ... with an iron shot
             ... while petrified by Jorgrun
             ... on level 13 of the Dungeon.
             The game lasted 00:30:24 (16036 turns).

KristoblXynda the Carver (Pale Draconian Fighter)  Turns: 16036, Time: 00:30:25

Health: -20/97     AC: 12    Str: 25    XL:     12   Next: 54%
Magic:  19/19      EV:  2    Int: 13    God:    Gozag
Gold:   2248       SH:  0    Dex: 10    Spells: 8/11 levels left

rFire    . . .     SeeInvis .   z - +1 long sword (slice)
rCold    . . .     Gourm    .   b - +1 shield
rNeg     + + +     Faith    .   (armour unavailable)
rPois    ∞         Spirit   .   (helmet restricted)
rElec    .         Reflect  +   k - scarf {repulsion}
rCorr    .         Harm     .   n - +1 pair of gloves
MR       .....                  B - +1 pair of boots
Stlth    +.........             u - +4 amulet of reflection
HPRegen  0.26/turn              E - +4 ring of evasion
MPRegen  0.16/turn              C - ring of positive energy

@: mighty, petrified, repel missiles
A: breathe steam, unfitting armour, cold-blooded, AC +8
a: Breathe Steam, Potion Petition, Call Merchant, Bribe Branch, Renounce
Religion


You were on level 13 of the Dungeon.
You worshipped Gozag.
Gozag was most pleased with you.
You were hungry.

You visited 2 branches of the dungeon, and saw 14 of its levels.
You visited 1 bazaar.

You collected 3301 gold pieces.
You spent 966 gold pieces at shops.
You paid 87 gold pieces to Gozag.

Inventory:

Hand Weapons
 z - a +1 long sword of slicing (weapon)
 A - a +0 scimitar of protection
Armour
 a - the +2 ratskin cloak {+Rats rPois rN+ Str-1 Int-1 Dex+1}
   (You found it on level 7 of the Dungeon)

   It affects your strength (-1).
   It affects your intelligence (-1).
   It affects your dexterity (+1).
   It protects you from poison.
   It protects you from negative energy.
 b - a +1 shield (worn)
 k - a scarf of repulsion (worn)
 n - a +1 pair of gloves (worn)
 B - a +1 pair of boots (worn)
Jewellery
 f - an uncursed ring of protection from magic
 g - an uncursed amulet of magic regeneration
 p - an uncursed ring of wizardry
 u - a +4 amulet of reflection (around neck)
 C - a ring of positive energy (right hand)
 D - an uncursed ring of magical power
 E - a +4 ring of evasion (left hand)
Wands
 x - a wand of iceblast (1)
Scrolls
 l - 4 scrolls of enchant armour
 m - 4 scrolls of remove curse
 r - 4 scrolls of magic mapping
 s - 3 scrolls of identify
 y - 5 scrolls of amnesia
 F - 3 scrolls of teleportation
 H - a scroll of blinking
 I - 3 scrolls of immolation
Potions
 e - a potion of magic
 h - a potion of flight
 i - 2 potions of haste
 j - 6 potions of curing
 o - 7 potions of heal wounds
 q - 2 potions of brilliance
 t - 3 potions of lignification
 v - 2 potions of ambrosia
 w - 4 potions of agility
 G - a potion of cancellation
Comestibles
 d - 7 rations


   Skills:
 + Level 6.6 Fighting
 + Level 11.4 Long Blades
 - Level 6.1 Dodging
 + Level 11.0 Shields
 - Level 5.1 Conjurations
 - Level 5.0 Air Magic
 + Level 3.1 Poison Magic
 - Level 10.0 Evocations


You had 8 spell levels left.
You knew the following spells:

 Your Spells              Type           Power        Failure   Level  Hunger
a - Mephitic Cloud        Conj/Pois/Air  ##......     26%         3    ####...

Your spell library contained the following spells:

 Spells                   Type           Power        Failure   Level  Hunger
 Sting                    Conj/Pois      ##..         10%         1    ##.....
 Poisonous Vapours        Pois/Air       ##....       14%         2    ###....
 Olgreb's Toxic Radiance  Pois           #.......     82%         4    #####..
 Venom Bolt               Conj/Pois      ##........   95%         5    ######.


Dungeon Overview and Level Annotations

Branches:
Dungeon (13/15)            Temple (1/1) D:7            Lair (0/6) D:9
    Orc (0/2) D:11
 Vaults: D:13-14

Altars:
Ashenzari
Cheibriados
Dithmenos
Elyvilon
Fedhas
Gozag
Hepliaklqana
Kikubaaqudgha
Makhleb
Nemelex Xobeh
Okawaru
Qazlal
Ru
Sif Muna
Trog
Uskayaw
Vehumet
Wu Jian
Xom
Yredelemnul
Zin
The Shining One

Shops:
D:9 [

Annotations:
D:10 1 runed translucent door
D:13 Jorgrun


Innate Abilities, Weirdness & Mutations

You can breathe blasts of scalding, opaque steam.
Your pale cyan-grey scales are hard. (AC +8)
You cannot fit into any form of body armour.
You are cold-blooded and may be slowed by cold attacks.


Message History

You struggle to resist.
Jorgrun is engulfed in a cloud of scalding steam.
Jorgrun points at you and mumbles some strange words.
Jorgrun hits you with an uncursed staff of earth!
* * * LOW HITPOINT WARNING * * *
Jorgrun crushes you!
* * * LOW HITPOINT WARNING * * *
Jorgrun hits you with an uncursed staff of earth!
* * * LOW HITPOINT WARNING * * *
Jorgrun crushes you!
* * * LOW HITPOINT WARNING * * *
Jorgrun gestures at you while chanting.
The wall shatters!
The blast of rock fragments hits you.
Jorgrun hits you with an uncursed staff of earth!
* * * LOW HITPOINT WARNING * * *
You have got your breath back.
Jorgrun casts a spell at you. The iron shot hits you!!!
You die...
Your body crumbles into a pile of gold.

##### ###.>.#
#.#######...#.#########
#$..g@...#...........(
#.############.#....... #
# #.#.#..... .#.
#.#.#.#### #.# #.#.#.# #
########.######## #.....#
# .......#.#......#
#.....# #
######..........# #.....#
# #
###.#.####.########(....#
#


You could see Jorgrun.

Vanquished Creatures
  Snorg (D:11)
  A hydra (D:11)
  Erolcha (D:12)
  A two-headed ogre (D:10)
  A death knight (D:12)
  Nergalle (D:10)
  A deep elf mage (D:12)
  2 ugly things
  A cyclops (D:11)
  2 manticores (D:12)
  3 gargoyles
  4 trolls
  3 hippogriffs
  25 yaks
  A wraith (D:13)
  4 hogs (D:10)
  A basilisk (D:9)
  A human (D:10)
  Menkaure (D:4)
  Edmund (D:4)
  2 water moccasins
  2 acid dragons
  Duvessa (D:4)
  10 orc warriors
  4 ice beasts
  3 sky beasts
  2 phantoms
  2 black bears
  2 necrophages
  5 centaurs (D:12)
  7 ogres
  2 crocodiles
  A big kobold (D:10)
  7 bullfrogs
  A gnoll sergeant (D:7)
  A wyvern zombie (D:9)
  2 water moccasin zombies
  Dowan (D:4)
  5 scorpions
  9 killer bees
  4 wights (D:8)
  An electric eel (D:12)
  3 howler monkeys
  4 crimson imps
  3 bullfrog zombies
  2 centaur zombies
  10 hounds
  3 jellies
  2 bullfrog skeletons
  10 orc priests
  13 orc wizards
  4 iguanas
  3 hell rats (D:7)
  11 worker ants
  A hound skeleton (D:8)
  A worker ant zombie (D:9)
  Robin (D:4)
  10 gnolls
  16 adders
  A howler monkey skeleton (D:5)
  4 river rats (D:7)
  2 shadow imps
  An ooze (D:2)
  An adder zombie (D:9)
  An adder skeleton (D:6)
  A worm (D:4)
  3 dart slugs (D:1)
  3 leopard geckos
  58 orcs
  7 bats
  8 giant cockroaches
  12 goblins
  9 hobgoblins
  16 jackals
  5 quokkas
  4 ball pythons
  6 frilled lizards
  7 kobolds
  A leopard gecko skeleton (D:9)
  19 rats
396 creatures vanquished.

Vanquished Creatures (others)
  An orc (D:12)
1 creature vanquished.

Grand Total: 397 creatures vanquished

Notes
Turn   | Place    | Note
-------+----------+-------------------------------------------
     0 | D:1      | KristoblXynda the Draconian Fighter began the quest for the
                  | Orb.
     0 | D:1      | Reached XP level 1. HP: 19/19 MP: 1/1
    66 | D:1      | Reached XP level 2. HP: 23/26 MP: 2/2
   736 | D:2      | Reached XP level 3. HP: 23/31 MP: 3/3
  1095 | D:2      | Reached XP level 4. HP: 13/38 MP: 4/4
  1189 | D:2      | Found a hazy altar of Hepliaklqana.
  1903 | D:3      | Found a shimmering altar of Xom.
  1961 | D:3      | Noticed a bullfrog
  1973 | D:3      | Killed a bullfrog
  1973 | D:3      | Reached XP level 5. HP: 38/45 MP: 5/5
  3517 | D:3      | Reached XP level 6. HP: 48/51 MP: 6/6
  4074 | D:4      | Noticed an ice beast
  4099 | D:4      | Killed an ice beast
  4099 | D:4      | Reached skill level 5 in Long Blades
  4375 | D:4      | Your scales start taking on a pale cyan-grey colour.
  4375 | D:4      | Reached XP level 7. HP: 57/57 MP: 7/7
  4425 | D:4      | Found a burning altar of Makhleb.
  4523 | D:4      | Noticed Menkaure
  4534 | D:4      | Killed Menkaure
  4534 | D:4      | Reached skill level 5 in Shields
  4971 | D:4      | Noticed Edmund
  4971 | D:4      | Noticed Dowan
  4973 | D:4      | Noticed Duvessa
  4975 | D:4      | Killed Dowan
  4975 | D:4      | Reached skill level 1 in Evocations
  4986 | D:4      | Killed Duvessa
  4996 | D:4      | Killed Edmund
  4996 | D:4      | Reached skill level 5 in Dodging
  4996 | D:4      | Reached XP level 8. HP: 36/63 MP: 9/9
  5214 | D:4      | Noticed Robin
  5218 | D:4      | Killed Robin
  5648 | D:5      | Entered Level 5 of the Dungeon
  6107 | D:5      | Found an opulent altar of Gozag.
  6236 | D:5      | Became a worshipper of Gozag Ym Sagoz the Greedy
  6946 | D:6      | Reached XP level 9. HP: 59/69 MP: 12/12
  6954 | D:6      | Found a snail-covered altar of Cheibriados.
  7606 | D:7      | Reached skill level 5 in Evocations
  7723 | D:7      | Found a staircase to the Ecumenical Temple.
  7734 | Temple   | Entered the Ecumenical Temple
  8071 | D:7      | Reached skill level 5 in Fighting
  8568 | D:7      | Found the +2 ratskin cloak {+Rats rPois rN+ Str-1 Int-1
                  | Dex+1}
  8776 | D:7      | Learned a level 3 spell: Mephitic Cloud
  8827 | D:8      | Reached XP level 10. HP: 80/80 MP: 14/14
  9185 | D:8      | Reached skill level 1 in Air Magic
  9199 | D:8      | Identified the +9 trident of the Endless March {drain,
                  | Str+4}
  9340 | D:8      | Found an ancient bone altar of Kikubaaqudgha.
  9453 | D:8      | Found a bloodstained altar of Trog.
  9453 | D:8      | Found a hide-covered altar of Uskayaw.
  9514 | D:9      | Found a deep blue altar of Sif Muna.
 10366 | D:9      | Found a staircase to the Lair.
 10571 | D:9      | Found Tenesydd's Antique Armour Emporium.
 11148 | D:10     | Entered Level 10 of the Dungeon
 11630 | D:10     | Noticed a two-headed ogre
 11644 | D:10     | Killed a two-headed ogre
 11978 | D:10     | Reached XP level 11. HP: 73/88 MP: 15/17
 12236 | D:10     | Reached skill level 5 in Air Magic
 12242 | D:10     | Found a runed translucent door.
 12242 | D:10     | Noticed a deep elf mage
 12470 | D:10     | Noticed Nergalle
 12479 | D:10     | Noticed a spectral orc warlord
 12488 | D:10     | Killed Nergalle
 12488 | D:10     | Reached skill level 1 in Conjurations
 12637 | D:11     | Found an iron altar of Okawaru.
 12669 | D:11     | Found a flickering gateway to a bazaar.
 12681 | Bazaar   | Entered a bazaar
 12808 | Bazaar   | Found Teplopsa's Book Shoppe.
 12816 | Bazaar   | Found Zosuybb's Magic Scroll Boutique.
 12825 | Bazaar   | Bought a scroll of enchant armour for 90 gold pieces
 12825 | Bazaar   | Bought a scroll of enchant armour for 90 gold pieces
 12825 | Bazaar   | Bought a scroll of enchant armour for 90 gold pieces
 12825 | Bazaar   | Bought a scroll of brand weapon for 240 gold pieces
 12825 | Bazaar   | Bought a scroll of identify for 24 gold pieces
 12852 | Bazaar   | Found Mogoz's Jewellery Emporium.
 12860 | Bazaar   | Found Lishriadotz's Distillery.
 12868 | Bazaar   | Bought a potion of lignification for 27 gold pieces
 12868 | Bazaar   | Bought a potion of agility for 36 gold pieces
 12868 | Bazaar   | Bought a potion of heal wounds for 45 gold pieces
 12900 | Bazaar   | Bought a +4 ring of evasion for 324 gold pieces
 12950 | D:11     | Found a staircase to the Orcish Mines.
 13017 | D:11     | Reached skill level 10 in Long Blades
 13622 | D:11     | Noticed Snorg
 13626 | D:11     | Noticed a four-headed hydra
 13642 | D:11     | Killed Snorg
 13642 | D:11     | Killed a four-headed hydra
 13642 | D:11     | Reached skill level 10 in Shields
 14151 | D:12     | Noticed a deep elf mage
 14173 | D:12     | Killed a deep elf mage
 14451 | D:12     | Reached XP level 12. HP: 82/94 MP: 19/19
 14674 | D:12     | Reached skill level 5 in Conjurations
 14705 | D:12     | Reached skill level 10 in Evocations
 15044 | D:12     | Noticed Erolcha
 15061 | D:12     | Killed Erolcha
 15061 | D:12     | Reached skill level 1 in Poison Magic
 15163 | D:12     | Found a blossoming altar of Fedhas.
 15183 | D:12     | Noticed a death knight
 15221 | D:12     | Killed a death knight
 15999 | D:13     | Noticed Jorgrun
 16036 | D:13     | Killed from afar by Jorgrun

Levels and vault maps discovered:
D:1:      minmay_arrival_loop, layout_loops_ring, st_stairs_5,
          minmay_statues_item, minmay_stone_trees_small
D:2:      layout_loops_corners, lemuel_crystal_altar, kennysheep_generic_room_4
D:3:      layout_basic, lemuel_round_altar
D:4:      layout_gridville, lemuel_round_altar, uniq_edmund, uniq_menkaure,
          uniq_duvessa, uniq_robin
D:5:      layout_basic, first_ration, grunt_gozag_breadcrumbs
D:6:      layout_basic, old_standard_altar
D:7:      wander_guarded_unrand_ratskin, layout_rooms, temple_fountains
D:8:      layout_basic, lemuel_crystal_altar, gammafunk_temple_overflow_elements
D:9:      layout_layer_cave, overflow_temple_1_default, david_lair_generic,
          serial_shops, shop
D:10:     layout_irregular_city, grunt_livestock, minmay_st_funbox,
          uniq_nergalle
D:11:     layout_cave_pools, orc_0_dummy, serial_shops, bzr_entry_lakeside,
          basic_altar, uniq_snorg
D:12:     cheibrodos_helix_gallery, layout_long_grid, special_room
          [special_room_orc], fedhas_altar_4, uniq_erolcha
D:13:     layout_loops_ring, uniq_jorgrun, uniq_kirke
Temple:   minmay_temple_curvy_branch

Skill      XL: |  1  2  3  4  5  6  7  8  9 10 11 12 |
---------------+-------------------------------------+-----
Dodging        | 3 4 5 6 |  6.1
Long Blades    | 3 4 5 6 7 8 9 10 11 | 11.4
Shields        | 4 5 6 7 9 10 11 | 11.0
Evocations     | 2 4 6 8 9 10 | 10.0
Fighting       | 5 6 |  6.6
Air Magic      | 4 5 |  5.0
Conjurations   | 4 5 |  5.1
Poison Magic   | 3 |  3.1

Action                   |  1- 3 |  4- 6 |  7- 9 | 10-12 || total
-------------------------+-------+-------+-------+-------++-------
Melee: Long sword        |    73 |   197 |   413 |   643 ||  1326
       Tailslap          |     7 |    23 |    63 |    96 ||   189
 Cast: Mephitic Cloud    |       |       |       |     1 ||     1
 Abil: Breathe Steam     |       |       |    27 |    62 ||    89
Evoke: Wand              |       |       |     1 |     9 ||    10
  Use: Scroll            |     2 |     8 |     4 |    11 ||    25
       Potion            |       |     4 |       |     5 ||     9
 Stab: Sleeping          |       |     3 |     2 |       ||     5
       Distracted        |       |       |     2 |     6 ||     8
  Eat: Chunk             |     1 |     7 |     7 |       ||    15
       Ration            |       |     1 |     3 |     9 ||    13
Armor: Skin              |    19 |    53 |    66 |    90 ||   228
Dodge: Dodged            |    23 |    65 |   135 |   259 ||   482
       Deflected         |       |     2 |     1 |     4 ||     7
Block: Shield            |    43 |   160 |   280 |   534 ||  1017
       Reflection        |       |     6 |     1 |    18 ||    25
       Rpst.: Long sword |     6 |    24 |    40 |    67 ||   137

Table legend:
 A = Non-vault XP
 B = Vault XP
 C = Vault XP percentage of total XP
 D = Non-vault monster count
 E = Vault monster count
 F = Vault count percentage of total count
                 A         B        C        D         E       F
            +---------+---------+-------+---------+---------+-------
      Total |   24647 |    5949 |  19.4 |     322 |      75 |  18.9
            +---------+---------+-------+---------+---------+-------
        D:1 |      30 |       5 |  14.3 |      13 |       3 |  18.8
        D:2 |     115 |       1 |   0.9 |      22 |       1 |   4.3
        D:3 |     333 |       0 |   0.0 |      40 |       0 |   0.0
        D:4 |     636 |     578 |  47.6 |      19 |      16 |  45.7
        D:5 |     989 |       0 |   0.0 |      23 |       0 |   0.0
        D:6 |     838 |       0 |   0.0 |      17 |       0 |   0.0
        D:7 |    1820 |     170 |   8.5 |      39 |      21 |  35.0
        D:8 |     707 |       0 |   0.0 |      18 |       0 |   0.0
        D:9 |    1679 |     755 |  31.0 |      30 |       4 |  11.8
       D:10 |    2148 |    1790 |  45.5 |      18 |       6 |  25.0
       D:11 |    4962 |    1145 |  18.7 |      27 |       1 |   3.6
       D:12 |    6898 |    1505 |  17.9 |      35 |      23 |  39.7
       D:13 |    3492 |       0 |   0.0 |      21 |       0 |   0.0
            +---------+---------+-------+---------+---------+-------
